AoeStats
← PJ2

Arena

509132591Analyzed
1v1 RM · 7d ago on Sep 25, 2026· 53m 24s· 2 players
Game mode
Random Map
Map size
Tiny (2 player)
Population
200
Speed
Normal
Resources
Standard
Victory
Conquest
Starting age
Dark Age
Ending age
Imperial Age
RankedLock teamsTeams togetherTeam positionsShared explorationLock speedFull tech treeHidden civsTurbo modeCheats
Victory
Defeat
🇸🇮 Koreans · Slovenia
1025
+15
🇺🇸 Byzantines · United States
997
-15
PJ2
10:11 Feudal Age
15:56 Castle Age
14:17 Horse Collar
15:01 Double-Bit Axe
20:57 Fervor
23:06 Bow Saw
23:39 Loom
24:40 Heavy Plow
27:13 Treadmill Crane
28:12 Sanctity
28:31 Ballistics
28:53 Wheelbarrow
30:03 Stone Mining
30:04 Gold Mining
30:42 Fortified Wall
31:34 Hand Cart
34:35 Imperial Age
32:23 Fletching
32:37 Husbandry
34:10 Bodkin Arrow
34:16 Scale Mail Armor
34:22 Scale Barding Armor
34:28 Forging
33:46 Pikeman
34:27 Squires
34:14 Arson
35:40 Conscription
38:26 Guilds
37:42 Halberdier
39:43 Devotion
40:28 Elite Varangian Guard
41:27 Chain Mail Armor
41:22 Forging
41:13 Bracer
41:58 Hoardings
42:22 Chain Barding Armor
43:17 Plate Mail Armor
42:48 Padded Archer Armor
43:35 Iron Casting
42:32 Light Cavalry
43:36 Gambesons
43:11 Man-at-Arms
45:13 Chemistry
44:09 Murder Holes
46:35 Plate Barding Armor
46:16 Capped Ram
TheRustyHammer
10:23 Feudal Age
15:00 Castle Age
13:09 Loom
13:25 Double-Bit Axe
22:18 Horse Collar
24:35 Wheelbarrow
24:06 Town Watch
25:04 Bow Saw
25:29 Stone Mining
26:15 Heavy Plow
27:26 Hand Cart
27:38 Gold Mining
27:43 Fletching
31:41 Imperial Age
29:29 Forging
30:28 Gold Shaft Mining
29:50 Bodkin Arrow
29:56 Scale Mail Armor
31:41 Iron Casting
31:10 Squires
30:55 Arson
31:43 Town Patrol
32:16 Murder Holes
32:56 Capped Ram
34:05 Chain Mail Armor
33:57 Siege Engineers
34:33 Conscription
34:44 Fortified Wall
35:32 Plate Mail Armor
35:49 Pikeman
35:50 Elite Fire Lancer
36:56 Ballistics
37:19 Halberdier
39:30 Chemistry
39:26 Eupseong
39:37 Bracer
41:27 Masonry
40:58 Treadmill Crane
41:04 Arrowslits
42:54 Stone Shaft Mining
42:51 Architecture
41:56 Elite War Wagon
Connection lost

Rejoining the realm…

Still unreachable

The connection could not be restored.

Session expired

The server has moved on; the page needs a fresh start.